AoeStats
← Reis

African Clearing

504844097Analyzed
4v4 RM · 27d ago on Sep 6, 2026· 55m 43s· 8 players
Game mode
Random Map
Map size
Large (8 player)
Population
200
Speed
Normal
Resources
Standard
Victory
Conquest
Starting age
Dark Age
Ending age
Imperial Age
RankedLock teamsTeams togetherTeam positionsShared explorationLock speedFull tech treeHidden civsTurbo modeCheats
Victory
Defeat
🇩🇪 Malians · Germany
1420
+16
🇩🇪 Georgians · Germany
1409
+16
🇨🇭 Dravidians · Switzerland
1400
+16
🇸🇰 Malay · Slovakia
1386
+17
🇩🇪 Tupi · Germany
1461
-19
🇩🇪 Maya · Germany
1431
-17
🇺🇸 Koreans · United States
1388
-15
🇮🇹 Persians · Italy
1355
-14
Reis
6:39 Loom
13:42 Feudal Age
18:28 Castle Age
29:13 Fletching
47:03 Double-Bit Axe
54:59 Bow Saw
M*rpheu$
11:40 Loom
13:26 Feudal Age
18:59 Castle Age
18:09 Horse Collar
18:23 Double-Bit Axe
26:13 Wheelbarrow
26:53 Town Watch
29:38 Scale Barding Armor
30:17 Forging
30:55 Chain Barding Armor
32:13 Iron Casting
31:34 Gold Mining
34:07 Heavy Plow
34:20 Bow Saw
34:01 Stone Mining
38:29 Imperial Age
37:46 Stone Shaft Mining
39:42 Conscription
38:43 Elite Monaspa
40:27 Plate Barding Armor
41:57 Crop Rotation
44:40 Hand Cart
44:25 Town Patrol
45:35 Blast Furnace
53:45 Scale Mail Armor
53:45 Padded Archer Armor
53:36 Fletching
54:48 Guilds
55:08 Coinage
54:39 Caravan
54:56 Chain Mail Armor
54:51 Aznauri Cavalry
54:52 Svan Towers
dayjaby
10:21 Loom
14:36 Feudal Age
15:07 Man-at-Arms
26:53 Double-Bit Axe
32:14 Horse Collar
38:15 Castle Age
39:56 Coinage
39:19 Fishing Lines
40:16 Bow Saw
40:47 Gillnets
48:30 Gold Mining
51:06 Long Swordsman
53:49 Scale Mail Armor
54:02 Forging
feshark
3:59 Loom
13:36 Feudal Age
15:17 Wheelbarrow
17:20 Castle Age
15:32 Double-Bit Axe
23:49 Husbandry
23:56 Fletching
25:14 Bow Saw
24:44 Horse Collar
25:41 Town Watch
26:05 Heavy Plow
26:54 Scale Barding Armor
27:35 Forging
28:44 Wheelbarrow
29:45 Iron Casting
31:05 Devotion
32:03 Gold Mining
32:03 Stone Mining
35:05 Hand Cart
35:27 Gold Shaft Mining
39:30 Imperial Age
37:10 Town Patrol
38:15 Elite Battle Elephant
39:59 Blast Furnace
40:44 Crop Rotation
44:48 Stone Shaft Mining
49:17 Faith
54:23 Conscription
w h i z.
5:53 Loom
13:31 Feudal Age
17:57 Castle Age
16:00 Double-Bit Axe
17:51 Fletching
18:47 Bodkin Arrow
20:19 Ballistics
22:16 Horse Collar
23:11 Padded Archer Armor
34:11 Wheelbarrow
40:16 Imperial Age
38:24 Thumb Ring
40:08 Hand Cart
40:20 Bow Saw
41:57 Chemistry
41:08 Bracer
42:18 Leather Archer Armor
43:58 Conscription
46:17 Ring Archer Armor
48:34 Pikeman
49:14 Squires
49:12 Halberdier
danntheman
7:31 Loom
13:04 Feudal Age
17:39 Castle Age
17:36 Double-Bit Axe
19:00 Fletching
21:43 Wheelbarrow
21:43 Horse Collar
22:17 Gold Mining
23:06 Bodkin Arrow
24:14 Town Watch
25:45 Bow Saw
26:07 Padded Archer Armor
32:29 Imperial Age
30:20 Heavy Plow
31:28 Ballistics
33:22 Bracer
33:27 Stone Mining
34:22 Leather Archer Armor
35:49 Conscription
36:08 Elite Blackwood Archer
39:53 Chemistry
43:14 Curare
44:02 Hand Cart
44:08 Hand Cart
44:01 Curare
45:48 Caciques
46:20 Hoardings
48:26 Two-Man Saw
48:02 Gold Shaft Mining
48:56 Guard Tower
48:52 Arrowslits
52:40 Ring Archer Armor
Vic
4:57 Loom
14:54 Feudal Age
20:52 Fletching
30:21 Town Watch
35:09 Gold Mining
38:31 Castle Age
37:41 Double-Bit Axe
40:58 Horse Collar
42:54 Forging
44:17 Iron Casting
44:33 Scale Mail Armor
45:05 Pikeman
50:46 Bow Saw
51:38 Squires
Jac
2:59 Loom
12:38 Feudal Age
16:48 Forging
17:22 Scale Barding Armor
23:19 Castle Age
21:28 Horse Collar
21:36 Double-Bit Axe
22:35 Bloodlines
22:44 Gold Mining
26:44 Husbandry
28:22 Iron Casting
32:21 Stone Mining
Connection lost

Rejoining the realm…

Still unreachable

The connection could not be restored.

Session expired

The server has moved on; the page needs a fresh start.